[ AOE2 MATCH · #475559066 ]
UnrankedTurks vs Aztecs
Player's team · LOSS
Rival team · WIN
[ REPLAY ANALYSIS · EXTRACTED FROM THE RECORDED GAME ]
Feudal
—
Castle
—
Imperial
—
| APM avg | 7.4 |
| APM peak | 23 |
| eAPM avg | 5.3 |
| Villagers / military | 51 / 59 |
Focus
⚔️ 35.4% · 🌾 64.6%
Janissary ×22 · Scout Cavalry ×21 · Cavalry Archer ×5 · Bombard Cannon ×4 · Trebuchet (Packed) ×4 · Militia ×2
Feudal
11:21
Castle
16:35
Imperial
37:19
| APM avg | 8.7 |
| APM peak | 24 |
| eAPM avg | 6.8 |
| Villagers / military | 129 / 148 |
Focus
⚔️ 35.1% · 🌾 64.9%
Archer ×53 · Jaguar Warrior ×53 · Eagle Scout ×19 · Battering Ram ×7 · Spearman ×6 · Trebuchet (Packed) ×6
Match map
Initial resources + every placement click. Lines = walls · curves = elevation contours. ◆ gold · ⬟ stone · ● berries · ✦ relic · ◌ wall gap
Your base· ✓ Closed at 19:51 · 0t walls · 2 gate(s)
Tokamak's base· ✓ Closed at 16:35 · 0t walls · 2 gate(s)
Smoothed initial terrain · ◌ = detected wall gap · hover for details
Inputs per minute
— Winner_A_1 - - Tokamak
Build order — Winner_A_1
First 150 of 200 actions detected
| 0:06 | Create | Villager (Male) |
| 0:07 | Research | Loom |
| 0:08 | Create | Villager (Male) |
| 0:08 | Create | Villager (Male) |
| 0:09 | Create | Villager (Male) |
| 0:43 | Build | House |
| 1:18 | Build | Mill |
| 2:32 | Create | Villager (Male) |
| 2:33 | Create | Villager (Male) |
| 2:42 | Build | Farm |
| 3:41 | Create | Villager (Male) |
| 3:41 | Create | Villager (Male) |
| 3:52 | Build | House |
| 5:02 | Build | Lumber Camp |
| 5:08 | Create | Villager (Male) |
| 5:08 | Create | Villager (Male) |
| 5:24 | Build | Farm |
| 5:41 | Create | Villager (Male) |
| 6:13 | Build | Farm |
| 7:05 | Build | House |
| 7:33 | Create | Villager (Male) |
| 7:34 | Create | Villager (Male) |
| 7:34 | Create | Villager (Male) |
| 7:34 | Create | Villager (Male) |
| 7:35 | Create | Villager (Male) |
| 8:13 | Build | Farm |
| 8:35 | Build | Farm |
| 9:05 | Build | Farm |
| 9:30 | Build | Barracks |
| 9:55 | Build | House |
| 10:17 | Build | Lumber Camp |
| 10:29 | Research | Feudal Age |
| 10:52 | Build | Farm |
| 11:46 | Create | Militia |
| 11:47 | Create | Militia |
| 12:14 | Build | Mining Camp |
| 12:38 | Create | Villager (Male) |
| 12:41 | Create | Villager (Male) |
| 13:13 | Research | Double-Bit Axe |
| 13:22 | Research | Horse Collar |
| 13:44 | Build | Mining Camp |
| 14:16 | Create | Villager (Male) |
| 14:23 | Research | Wheelbarrow |
| 14:25 | Research | Town Watch |
| 14:50 | Build | House |
| 15:00 | Research | Stone Mining |
| 15:06 | Research | Gold Mining |
| 15:12 | Create | Villager (Male) |
| 16:08 | Create | Villager (Male) |
| 16:08 | Create | Villager (Male) |
| 16:49 | Build | Archery Range |
| 16:56 | Build | Farm |
| 17:16 | Build | Stable |
| 17:22 | Build | Farm |
| 17:43 | Build | Farm |
| 18:20 | Build | Farm |
| 18:36 | Create | Villager (Male) |
| 18:39 | Create | Villager (Male) |
| 19:09 | Build | Farm |
| 19:39 | Build | House |
| 19:51 | Research | Castle Age |
| 20:26 | Build | Market |
| 20:55 | Research | Bloodlines |
| 20:59 | Create | Scout Cavalry |
| 21:29 | Create | Scout Cavalry |
| 21:44 | Build | Blacksmith |
| 22:42 | Build | Monastery |
| 22:46 | Create | Villager (Male) |
| 22:47 | Create | Villager (Male) |
| 22:50 | Create | Villager (Male) |
| 23:04 | Research | Heavy Plow |
| 23:08 | Research | Bow Saw |
| 23:24 | Research | Gold Shaft Mining |
| 23:50 | Build | Farm |
| 23:57 | Build | Farm |
| 24:09 | Build | House |
| 24:16 | Create | Monk |
| 25:22 | Research | Husbandry |
| 25:25 | Create | Scout Cavalry |
| 25:39 | Create | Villager (Male) |
| 25:40 | Create | Villager (Male) |
| 25:41 | Create | Villager (Male) |
| 25:43 | Create | Villager (Male) |
| 26:16 | Build | Castle |
| 27:40 | Research | Hand Cart |
| 27:42 | Research | Town Patrol |
| 27:49 | Research | Squires |
| 27:50 | Research | Arson |
| 27:54 | Research | Man-at-Arms (upgrade) |
| 29:37 | Create | Janissary |
| 29:38 | Create | Janissary |
| 29:40 | Create | Janissary |
| 29:55 | Build | University |
| 30:42 | Create | Villager (Male) |
| 30:42 | Create | Villager (Male) |
| 30:42 | Create | Villager (Male) |
| 31:31 | Build | Town Center |
| 32:41 | Research | Imperial Age |
| 32:52 | Create | Janissary |
| 33:04 | Create | Scout Cavalry |
| 33:04 | Create | Scout Cavalry |
| 33:04 | Create | Scout Cavalry |
| 33:05 | Create | Scout Cavalry |
| 33:06 | Create | Scout Cavalry |
| 33:55 | Create | Villager (Male) |
| 33:55 | Create | Villager (Male) |
| 33:55 | Create | Villager (Male) |
| 33:56 | Create | Villager (Male) |
| 33:56 | Create | Villager (Male) |
| 34:05 | Create | Janissary |
| 34:06 | Create | Janissary |
| 34:06 | Create | Janissary |
| 34:06 | Create | Janissary |
| 34:23 | Research | Long Swordsman (upgrade) |
| 34:33 | Build | Farm |
| 34:56 | Build | Castle |
| 35:54 | Research | Conscription |
| 36:23 | Research | Guilds |
| 36:45 | Build | Mining Camp |
| 36:53 | Research | Two-Man Saw |
| 37:27 | Create | Trebuchet (Packed) |
| 38:00 | Create | Scout Cavalry |
| 38:00 | Create | Scout Cavalry |
| 38:00 | Create | Scout Cavalry |
| 38:00 | Create | Scout Cavalry |
| 38:01 | Create | Scout Cavalry |
| 38:16 | Research | Masonry |
| 38:20 | Research | Treadmill Crane |
| 38:23 | Research | Ballistics |
| 38:26 | Research | Fortified Wall (upgrade) |
| 39:12 | Create | Trebuchet (Packed) |
| 39:23 | Create | Villager (Male) |
| 39:23 | Create | Villager (Male) |
| 39:23 | Create | Villager (Male) |
| 39:24 | Create | Villager (Male) |
| 39:25 | Create | Villager (Male) |
| 39:25 | Create | Villager (Male) |
| 40:00 | Build | Farm |
| 40:22 | Build | Farm |
| 40:51 | Build | Farm |
| 41:06 | Build | Lumber Camp |
| 41:13 | Build | Farm |
| 41:27 | Research | Elite Janissary (upgrade) |
| 41:34 | Build | Farm |
| 41:44 | Create | Villager (Male) |
| 41:44 | Create | Villager (Male) |
| 41:59 | Build | Farm |
| 42:36 | Build | Castle |
| 43:01 | Build | Mining Camp |
| 43:30 | Research | Artillery |
Build order — Tokamak
First 150 of 228 actions detected
| 0:03 | Research | Loom |
| 0:04 | Create | Villager (Male) ×4 |
| 0:14 | Build | House |
| 0:52 | Build | House |
| 0:57 | Build | House |
| 1:04 | Build | House |
| 2:11 | Create | Villager (Male) |
| 2:11 | Create | Villager (Male) |
| 2:25 | Build | Mill |
| 2:49 | Create | Villager (Male) |
| 3:13 | Create | Villager (Male) |
| 3:34 | Create | Villager (Male) |
| 3:46 | Create | Villager (Male) |
| 4:21 | Create | Villager (Male) |
| 4:41 | Create | Villager (Male) |
| 5:49 | Create | Villager (Male) |
| 5:49 | Create | Villager (Male) |
| 6:05 | Create | Villager (Male) |
| 6:06 | Create | Villager (Male) |
| 6:11 | Create | Villager (Male) |
| 6:24 | Create | Villager (Male) |
| 7:16 | Build | Lumber Camp |
| 8:43 | Build | Mining Camp |
| 9:01 | Build | Mining Camp |
| 9:11 | Research | Feudal Age |
| 11:21 | Age | Feudal Age |
| 11:29 | Build | Blacksmith |
| 11:36 | Build | Market |
| 12:38 | Build | Barracks |
| 13:31 | Build | House |
| 13:36 | Build | House |
| 13:55 | Research | Castle Age |
| 14:09 | Build | Farm |
| 14:17 | Build | Farm |
| 14:25 | Build | Farm |
| 14:45 | Build | Farm |
| 14:57 | Build | Farm |
| 15:23 | Build | Farm |
| 15:33 | Build | Farm |
| 15:59 | Build | Farm |
| 16:09 | Research | Horse Collar |
| 16:35 | Age | Castle Age |
| 16:38 | Research | Double-Bit Axe |
| 16:49 | Build | House |
| 17:14 | Build | Farm |
| 17:31 | Research | Wheelbarrow |
| 18:12 | Research | Bow Saw |
| 18:42 | Build | Farm |
| 19:17 | Research | Heavy Plow |
| 19:27 | Create | Villager (Male) ×2 |
| 19:27 | Create | Villager (Male) ×2 |
| 19:45 | Build | House |
| 19:48 | Build | House |
| 19:53 | Build | House |
| 20:02 | Create | Villager (Male) ×3 |
| 21:04 | Build | Monastery |
| 21:12 | Create | Villager (Male) ×5 |
| 21:12 | Create | Villager (Male) ×5 |
| 21:12 | Create | Villager (Male) |
| 21:50 | Create | Monk |
| 22:23 | Research | Pikeman (upgrade) |
| 22:25 | Create | Spearman |
| 22:26 | Create | Spearman |
| 22:26 | Create | Spearman |
| 23:10 | Build | Castle |
| 23:46 | Build | University |
| 23:50 | Research | Scale Mail Armor |
| 23:52 | Research | Forging |
| 24:09 | Build | Archery Range |
| 24:13 | Create | Monk |
| 24:37 | Create | Spearman |
| 24:37 | Create | Spearman |
| 24:38 | Create | Spearman |
| 25:09 | Research | Chain Mail Armor |
| 25:18 | Build | Farm |
| 25:22 | Create | Monk |
| 26:01 | Research | Hand Cart |
| 26:26 | Build | Lumber Camp |
| 26:38 | Build | Town Center |
| 26:45 | Create | Villager (Male) |
| 26:45 | Create | Villager (Male) ×2 |
| 26:45 | Create | Villager (Male) ×2 |
| 27:27 | Build | Mining Camp |
| 27:55 | Build | Farm |
| 28:03 | Create | Villager (Male) ×5 |
| 28:03 | Create | Villager (Male) ×5 |
| 28:03 | Create | Villager (Male) ×2 |
| 28:23 | Create | Monk |
| 28:55 | Build | Farm |
| 29:29 | Build | Mining Camp |
| 29:40 | Build | Farm |
| 29:46 | Create | Villager (Male) |
| 29:46 | Create | Villager (Male) |
| 29:46 | Create | Villager (Male) |
| 30:02 | Build | Farm |
| 30:08 | Build | Farm |
| 30:14 | Build | Farm |
| 30:25 | Build | Farm |
| 30:43 | Build | Farm |
| 30:55 | Build | Farm |
| 31:04 | Research | Stone Mining |
| 31:06 | Research | Gold Mining |
| 31:30 | Research | Murder Holes |
| 31:46 | Create | Villager (Male) |
| 31:46 | Create | Villager (Male) ×5 |
| 31:47 | Create | Villager (Male) ×5 |
| 31:47 | Create | Villager (Male) ×5 |
| 31:57 | Build | Farm |
| 32:04 | Build | Farm |
| 32:10 | Build | Farm |
| 32:17 | Build | Farm |
| 32:26 | Build | Farm |
| 32:39 | Build | House |
| 32:44 | Build | House |
| 32:47 | Build | House |
| 32:50 | Build | House |
| 32:54 | Build | House |
| 33:05 | Research | Crossbowman (upgrade) |
| 33:58 | Create | Villager (Male) |
| 34:09 | Research | Imperial Age |
| 34:14 | Create | Villager (Male) ×3 |
| 34:14 | Create | Villager (Male) ×3 |
| 34:45 | Build | Mining Camp |
| 34:59 | Research | Stone Shaft Mining |
| 35:03 | Research | Gold Shaft Mining |
| 35:11 | Research | Ballistics |
| 35:16 | Research | Padded Archer Armor |
| 35:17 | Research | Fletching |
| 35:25 | Research | Elite Skirmisher (upgrade) |
| 35:53 | Research | Heated Shot |
| 36:19 | Build | Archery Range |
| 36:33 | Build | Stone Wall |
| 36:42 | Build | Stone Wall |
| 36:53 | Build | Stone Wall |
| 37:03 | Build | Stone Wall |
| 37:14 | Build | Stone Wall |
| 37:19 | Age | Imperial Age |
| 37:24 | Research | Conscription |
| 37:27 | Create | Trebuchet (Packed) |
| 37:28 | Create | Trebuchet (Packed) |
| 37:28 | Create | Trebuchet (Packed) |
| 37:29 | Create | Trebuchet (Packed) |
| 37:34 | Research | Arbalester (upgrade) |
| 37:36 | Create | Archer ×4 |
| 37:54 | Research | Fortified Wall (upgrade) |
| 37:57 | Research | Chemistry |
| 38:09 | Build | Castle |
| 38:22 | Build | Stone Wall |
| 38:34 | Build | Stone Wall |
| 38:44 | Build | Gate |
Match timeline
| 9:30 | Winner_A_1 · first_building Barracks |
| 11:21 | Tokamak · age_up feudal |
| 12:38 | Tokamak · first_building Barracks |
| 16:35 | Tokamak · age_up castle |
| 16:49 | Winner_A_1 · first_building Archery Range |
| 17:16 | Winner_A_1 · first_building Stable |
| 21:04 | Tokamak · first_building Monastery |
| 22:42 | Winner_A_1 · first_building Monastery |
| 23:10 | Tokamak · first_building Castle |
| 24:09 | Tokamak · first_building Archery Range |
| 26:16 | Winner_A_1 · first_building Castle |
| 36:33 | Tokamak · wall_segment Stone Wall x4 |
| 36:42 | Tokamak · wall_segment Stone Wall x11 |
| 36:53 | Tokamak · wall_segment Stone Wall x8 |
| 37:03 | Tokamak · wall_segment Stone Wall x6 |
| 37:14 | Tokamak · wall_segment Stone Wall x8 |
| 37:19 | Tokamak · age_up imperial |
| 38:22 | Tokamak · wall_segment Stone Wall x3 |
| 38:34 | Tokamak · wall_segment Stone Wall x33 |
| 38:45 | Winner_A_1 · first_market_sell 100 wood |
| 39:21 | Tokamak · first_building Siege Workshop |
| 48:21 | Winner_A_1 · first_building Siege Workshop |
| 55:32 | Winner_A_1 · resign |
[ AI ANALYSIS · 1 CREDIT ]
What really happened in this match?
Wolo.gg analyzes every decision: build order, eco, micro, common mistakes by bracket. Personalized analysis on WhatsApp or Discord in 30 seconds.
Civ guide
Turks
Perfil
Jugador #22722211